 Dungeon Crawl Stone Soup version 0.27.1-34-g3ba077fa99 (webtiles) character file.

Game seed: 9114490039720984151

5037 Malroth the Thaumaturge (level 10, -2/63 HPs)
             Began as a Merfolk Venom Mage on Jan 23, 2022.
             Was a Follower of Sif Muna.
             Slain by a meliai zombie (5 damage)
             ... on level 7 of the Dungeon.
             The game lasted 02:20:38 (12399 turns).

Malroth the Thaumaturge (Merfolk Venom Mage)       Turns: 12399, Time: 02:20:38

Health: -2/63      AC: 10    Str:  9    XL:     10   Next: 55%
Magic:  24/25      EV: 12    Int: 18    God:    Sif Muna [*.....]
Gold:   403        SH:  0    Dex: 14    Spells: 15/31 levels left

rFire    . . .     SeeInvis .   x - staff of conjuration
rCold    . . .     Faith    .   (no shield)
rNeg     . . .     Spirit   .   a - +0 robe
rPois    .         Reflect  .   y - +2 hat
rElec    .         Harm     .   i - +0 cloak
rCorr    .         Rampage  .   e - +0 pair of gloves
Will     .....                  (no boots)
Stlth    ++........             f - amulet of magic regeneration
HPRegen  0.20/turn              n - +4 ring of protection
MPRegen  0.44/turn              (no ring)

@: no status effects
A: (nimble swimmer 2), mertail
a: Renounce Religion, Channel Magic


You were on level 7 of the Dungeon.
You worshipped Sif Muna.
Sif Muna was aware of your devotion.
You visited 2 branches of the dungeon, and saw 8 of its levels.

You collected 500 gold pieces.
You spent 97 gold pieces at shops.

Inventory:

Hand Weapons
 m - a +3 short sword of venom
 C - a +0 club
Armour
 a - a +0 robe (worn)
 e - a +0 pair of gloves (worn)
 i - a +0 cloak (worn)
 y - a +2 hat (worn)
 D - a +1 scale mail of fire resistance
Magical Staves
 v - a staff of death
 w - a staff of cold
 x - a staff of conjuration (weapon)
Jewellery
 f - an amulet of magic regeneration (around neck)
 n - a +4 ring of protection (left hand)
 q - a ring of wizardry
 t - an amulet of regeneration
Wands
 o - a wand of charming (6)
Scrolls
 h - 5 scrolls of identify
 k - 2 scrolls of immolation
 p - 4 scrolls of enchant armour
 s - a scroll of fog
 u - a scroll of enchant weapon
 A - a scroll of teleportation
 B - a scroll of magic mapping
 E - a scroll of amnesia
Potions
 b - a potion of cancellation {unknown}
 c - a potion of lignification {unknown}
 d - 5 potions of curing
 g - a potion of haste {unknown}
 j - a potion of might
 l - 2 potions of flight
 r - 2 potions of attraction
 z - 2 potions of brilliance {unknown}


   Skills:
 - Level 2.6 Dodging
 + Level 2.4 Stealth
 + Level 11.4 Spellcasting
 + Level 2.0 Conjurations
 - Level 4.0 Transmutations
 - Level 2.0 Fire Magic
 - Level 2.0 Air Magic
 - Level 8.0 Poison Magic


You had 15 spell levels left.
You knew the following spells:

 Your Spells              Type           Power      Damage    Failure   Level
a - Sting                 Tmut/Pois      100%       1d8       1%          1
b - Poisonous Vapours     Pois/Air       56%        N/A       1%          2
c - Mephitic Cloud        Conj/Pois/Air  37%        N/A       4%          3
d - Ignite Poison         Fire/Tmut/Pois 27%        N/A       3%          3
e - Olgreb's Toxic Radia  Pois           39%        N/A       2%          4
f - Conjure Flame         Conj/Fire      26%        6-21      9%          3

Your spell library contained the following spells:

 Spells                   Type           Power      Damage    Failure   Level
 Corona                   Hex            11%        N/A       7%          1
 Blink                    Tloc           N/A        N/A       11%         2
 Ensorcelled Hibernation  Hex/Ice        20%        N/A       11%         2
 Portal Projectile        Hex/Tloc       20%        N/A       21%         3
 Tukima's Dance           Hex            10%        N/A       21%         3
 Sticky Flame             Conj/Fire      26%        2d5       30%         4
 Blade Hands              Tmut           12%        N/A       36%         5
 Leda's Liquefaction      Hex/Erth       5%         N/A       56%         4
 Yara's Violent Unravell  Hex/Tmut       8%         3d5       63%         5
 Excruciating Wounds      Necr           5%         N/A       88%         5
 Manifold Assault         Tloc           10%        N/A       88%         5


Dungeon Overview and Level Annotations

Branches:
Dungeon (7/15)             Temple (1/1) D:6

Altars:
Ashenzari
Cheibriados
Dithmenos
Elyvilon
Fedhas
Gozag
Hepliaklqana
Kikubaaqudgha
Makhleb
Nemelex Xobeh
Okawaru
Qazlal
Ru
Sif Muna
Trog
Uskayaw
Vehumet
Wu Jian
Xom
Yredelemnul
Zin

Shops:
D:5 *


Innate Abilities, Weirdness & Mutations

((You are quick and stealthy near water. (Stealth+, EV+, Speed+++)))
Your lower body shifts to a powerful aquatic tail in water.


Message History

The meliai zombie hits you. The meliai zombie hits you.
The meliai zombie hits you but does no damage.
Casting: Conjure Flame (dangerous; 9% risk of failure)
Confirm with . or Enter, or press ? or * to list all spells.
Aiming: Sting (safe; 1% risk of failure)
Press: ? - help, Shift-Dir - straight line, f/p - meliai zombie
Aim: a meliai zombie (lightly damaged, 81% to hit)
The sting hits the meliai zombie.
The meliai zombie partially resists.
The meliai zombie is lightly damaged.
The meliai zombie hits you. The meliai zombie closely misses you.
The meliai zombie barely misses you. x2
Casting: Sting (safe; 1% risk of failure)
Confirm with . or Enter, or press ? or * to list all spells.
Aiming: Sting (safe; 1% risk of failure)
Press: ? - help, Shift-Dir - straight line, f/p - meliai zombie
Aim: a meliai zombie (lightly damaged, 81% to hit)
The sting hits the meliai zombie.
The meliai zombie partially resists.
The meliai zombie is lightly damaged.
The meliai zombie hits you. The meliai zombie hits you!
The meliai zombie hits you. The meliai zombie closely misses you.
The meliai zombie hits you. The meliai zombie closely misses you.
The meliai zombie closely misses you. The meliai zombie hits you.
The meliai zombie hits you but does no damage. x2
The meliai zombie hits you.
* * * LOW HITPOINT WARNING * * *
The meliai zombie hits you.
* * * LOW HITPOINT WARNING * * *
The meliai zombie hits you but does no damage. x2
The meliai zombie misses you. The meliai zombie hits you.
* * * LOW HITPOINT WARNING * * *
The meliai zombie hits you but does no damage. x2
The meliai zombie hits you but does no damage.
The meliai zombie hits you.
* * * LOW HITPOINT WARNING * * *
The meliai zombie misses you. x2
The meliai zombie hits you!
* * * LOW HITPOINT WARNING * * *
The meliai zombie hits you.
You die...

## ####.# #.###.###.#
.#####....# ##.##.##.##
......###.## #....##.#
..##..# #..# #....#.##
.####.###..## ##......#
.## #..##...# #......##
..# #..##...####....†.####
..###..##....##.......##.#
....#........##Z@<......##
................###.#.###
..............### ##...###
..#####.....### #.....#
### ##...## ##.#### #
##.## #..# # ### ##.# #
#.# # #.###


You could see a meliai zombie.

Vanquished Creatures
  Harold (D:7)
  2 two-headed ogres (D:6)
  Grinder (D:4)
  Sigmund (D:6)
  A steam dragon (D:7)
  An ice beast (D:6)
  3 orc warriors
  6 ogres
  4 centaurs (D:6)
  A kobold brigand (D:6)
  3 scorpions
  A centaur zombie (D:4)
  A centaur skeleton (D:6)
  7 hounds
  2 orc priests (D:3)
  3 gnoll shamans
  Jessica (D:3)
  5 iguanas
  7 orc wizards
  A killer bee zombie (D:6)
  A howler monkey zombie (D:6)
  A howler monkey skeleton (D:5)
  11 adders
  15 gnolls
  An ufetubus (D:5)
  An adder skeleton (D:4)
  A worm (D:2)
  2 dart slugs (D:1)
  17 orcs
  11 endoplasms
  3 giant cockroaches
  13 goblins
  16 hobgoblins
  8 jackals
  8 kobolds
  5 quokkas
  17 ball pythons
  A bat (D:1)
  5 frilled lizards
  5 rats
194 creatures vanquished.

Vanquished Creatures (others)
  48 plants
48 creatures vanquished.

Grand Total: 242 creatures vanquished

Notes
Turn   | Place    | Note
-------+----------+-------------------------------------------
     0 | D:1      | Malroth the Merfolk Venom Mage began the quest for the Orb.
     0 | D:1      | Reached XP level 1. HP: 13/13 MP: 3/3
   224 | D:1      | Reached XP level 2. HP: 11/19 MP: 3/5
   247 | D:1      | Learned a level 2 spell: Poisonous Vapours
   840 | D:1      | Reached XP level 3. HP: 22/24 MP: 2/6
  2188 | D:2      | Reached XP level 4. HP: 30/30 MP: 5/8
  2783 | D:2      | Reached skill level 3 in Spellcasting
  2792 | D:2      | Reached XP level 5. HP: 32/35 MP: 9/9
  2961 | D:2      | Found a faded altar of an unknown god.
  3309 | D:3      | Got the Volume of Dislocated Malediction
  3454 | D:3      | Reached skill level 5 in Poison Magic
  3816 | D:3      | Reached XP level 6. HP: 41/41 MP: 4/11
  4105 | D:3      | Reached skill level 4 in Spellcasting
  4247 | D:3      | Noticed Jessica
  4259 | D:3      | Killed Jessica
  4266 | D:3      | Learned a level 3 spell: Mephitic Cloud
  4530 | D:3      | Reached XP level 7. HP: 46/46 MP: 7/13
  5583 | D:4      | Noticed Grinder
  5779 | D:4      | Reached skill level 5 in Spellcasting
  5779 | D:4      | Reached skill level 1 in Air Magic
  6023 | D:4      | Reached skill level 1 in Conjurations
  7510 | D:4      | Found a sparkling altar of Nemelex Xobeh.
  7555 | D:5      | Entered Level 5 of the Dungeon
  7632 | D:5      | Found Bawitif's Assorted Antiques.
  7641 | D:5      | Bought a ruby potion for 22 gold pieces
  7641 | D:5      | Bought a potion of curing for 75 gold pieces
  7771 | D:5      | Learned a level 3 spell: Ignite Poison
  7816 | D:5      | Reached XP level 8. HP: 52/52 MP: 13/16
  7891 | D:5      | Reached skill level 6 in Spellcasting
  8751 | D:6      | Noticed a two-headed ogre
  8763 | D:6      | Killed a two-headed ogre
  8764 | D:6      | Reached skill level 7 in Spellcasting
  8764 | D:6      | Reached XP level 9. HP: 57/57 MP: 7/20
  8775 | D:6      | Reached skill level 8 in Spellcasting
  8793 | D:6      | Noticed a two-headed ogre
  8967 | D:6      | Reached skill level 1 in Fire Magic
  9017 | D:6      | Found a staircase to the Ecumenical Temple.
  9024 | Temple   | Entered the Ecumenical Temple
  9133 | Temple   | Became a worshipper of Sif Muna the Loreminder
  9673 | D:6      | Learned a level 4 spell: Olgreb's Toxic Radiance
  9681 | D:6      | Found a snail-covered altar of Cheibriados.
  9681 | D:6      | Found a shimmering altar of Xom.
 10148 | D:6      | Noticed Sigmund
 10152 | D:6      | Killed Sigmund
 10485 | D:6      | Killed a two-headed ogre
 10486 | D:6      | Reached skill level 9 in Spellcasting
 10802 | D:6      | Reached skill level 10 in Spellcasting
 10805 | D:6      | Reached XP level 10. HP: 53/63 MP: 4/24
 11004 | D:6      | Reached * piety under Sif Muna
 11483 | D:4      | Paralysed by Grinder for 2 turns
 11491 | D:4      | Paralysed by Grinder for 2 turns
 11495 | D:4      | Paralysed by Grinder for 4 turns
 11498 | D:4      | Killed Grinder
 11513 | D:4      | Learned a level 3 spell: Conjure Flame
 11740 | D:7      | Noticed Harold
 11789 | D:7      | Killed Harold
 11790 | D:7      | Reached skill level 11 in Spellcasting
 12399 | D:7      | HP: 3/63 [meliai zombie (7)]
 12399 | D:7      | Slain by a meliai zombie

Illustrated notes

Levels and vault maps discovered:
D:1:      dpeg_arrival_arbitrary_a, layout_basic
D:2:      layout_basic, ebering_ecumenical_altar_mist, serial_bayou_lake_a
D:3:      cheibrodos_pilgrimage, layout_loops_ring, chequers_garden,
          corexii_item_surrounded_by_moat, grunt_ministairs_12,
          kennysheep_generic_room_5, uniq_jessica
D:4:      layout_loops_corners, mainiacjoe_overflow_alcove_4, minmay_checkerbox,
          uniq_grinder
D:5:      layout_loops_corners, serial_shops, nicolae_shop_overgrown_old_shop,
          minmay_between
D:6:      kennysheep_housing_project, layout_loops_ring,
          gammafunk_temple_overflow_pools, minmay_temple_entry_nine_rooms,
          uniq_sigmund
D:7:      layout_layer_cave, serial_shops, nicolae_inconvenience_store,
          minivault_10, uniq_harold
Temple:   dpeg_five_rooms_temple

Skill      XL: |  1  2  3  4  5  6  7  8  9 10 |
---------------+-------------------------------+-----
Poison Magic   | 4 5 6 8 |  8.0
Transmutations | 2 3 4 |  4.0
Spellcasting   | 3 4 5 7 10 11 | 11.4
Air Magic      | 1 2 |  2.0
Conjurations   | 1 2 |  2.0
Fire Magic     | 1 2 |  2.0
Dodging        | |  2.6
Stealth        | |  2.4

Action                   |  1- 3 |  4- 6 |  7- 9 | 10-12 || total
-------------------------+-------+-------+-------+-------++-------
Melee: Dagger            |     1 |       |       |       ||     1
       Short sword       |       |       |    10 |       ||    10
       Staff             |       |       |     8 |     3 ||    11
 Cast: Sting             |    42 |   118 |   181 |    51 ||   392
       Poisonous Vapours |    25 |    61 |    58 |    33 ||   177
       Mephitic Cloud    |       |       |    24 |    13 ||    37
       Ignite Poison     |       |       |    19 |    21 ||    40
       Conjure Flame     |       |       |       |     5 ||     5
  Use: Scroll            |       |     5 |     6 |     1 ||    12
Armor: Robe              |     8 |    33 |    64 |    18 ||   123
Dodge: Dodged            |    11 |    34 |   112 |    49 ||   206
